 Dungeon Crawl Stone Soup version bcrawl-1.41.1 (webtiles) character file.

Game seed: 3637236212548259886

171991 Yshiel the Chiller (level 6, -7/44 HPs)
             Began as a Gnoll Ice Elementalist on Apr 14, 2024.
             Killed from afar by a white imp (16 damage)
             ... with a puff of frost
             ... summoned by Eustachio
             ... on level 4 of the Dungeon.
             The game lasted 00:15:18 (3225 turns).

Yshiel the Chiller (Gnoll Ice Elementalist)         Turns: 3225, Time: 00:15:19

Health: -7/44      AC:  6    Str: 10    XL:     6   Next: 50%
Magic:  14/14      EV: 16    Int: 18    God:
Gold:   300        SH:  0    Dex: 20    Spells: 14/15 levels left

rFire    + . .     GDR:     32% r - +7 club
rCold    x . .     SeeInvis +   (no shield)
rNeg     . . .     Gourm    .   a - +0 robe
rPois    +         Faith    .   (no helmet)
rElec    .         Spirit   .   q - +1 cloak
rCorr    .         Reflect  .   v - +1 pair of gloves
MR       .....                  (no boots)
Stlth    +++.......             x - amulet "Befor" {Inacc rF+ rC- SInv}
HPRegen  0.17/turn              g - ring of poison resistance
MPRegen  0.14/turn              k - +3 ring of dexterity

@: no status effects
A: distributed training, fangs 1, strong nose
a: no special abilities


You were on level 4 of the Dungeon.
You were hungry.

You visited 1 branch of the dungeon, and saw 5 of its levels.

You collected 300 gold pieces.

Inventory:

Hand Weapons
 o - a +0 mace of protection
 r - a +7 club (weapon)
Missiles
 l - 778 stones (quivered)
Armour
 a - a +0 robe (worn)
 m - a +0 pair of gloves
 q - a +1 cloak (worn)
 v - a +1 pair of gloves (worn)
 w - a +0 hat
 A - a +0 helmet
Magical Staves
 s - an uncursed staff of earth {unknown}
Jewellery
 g - a ring of poison resistance (left hand)
 k - a +3 ring of dexterity (right hand)
 x - the amulet "Befor" (around neck) {Inacc rF+ rC- SInv}
   (You found it on level 3 of the Dungeon)

   [amulet of inaccuracy]

   It reduces the accuracy of all your attacks.
   It protects you from fire.
   It makes you vulnerable to cold.
   It lets you see invisible.
Wands
 b - a wand of acid (6)
 c - a wand of iceblast (1)
 z - a wand of random effects (6)
Scrolls
 d - a scroll of amnesia
 i - 3 scrolls of identify
 p - a scroll of immolation
 t - a scroll of teleportation {unknown}
 y - a scroll of remove curse {unknown}
Potions
 f - a potion of magic {unknown}
 h - a potion of haste {unknown}
 j - a potion of agility {unknown}
 n - a potion of heal wounds {unknown}
 u - a potion of invisibility
Comestibles
 e - 8 rations {!d}
 B - 2 chunks of flesh


   Skills:
 + Level 2.0 Fighting
 + Level 2.0 Short Blades
 + Level 2.0 Long Blades
 + Level 2.0 Axes
 + Level 2.0 Maces & Flails
 + Level 2.0 Polearms
 + Level 2.0 Staves
 + Level 2.0 Slings
 + Level 2.0 Bows
 + Level 2.0 Crossbows
 + Level 2.0 Throwing
 + Level 2.0 Armour
 + Level 5.0 Dodging
 + Level 5.0 Stealth
 + Level 2.0 Shields
 + Level 2.0 Unarmed Combat
 + Level 5.3 Spellcasting
 + Level 2.6 Conjurations
 + Level 1.5 Hexes
 + Level 1.5 Charms
 + Level 1.5 Summonings
 + Level 1.5 Necromancy
 + Level 1.5 Translocations
 + Level 1.5 Transmutations
 + Level 1.5 Fire Magic
 + Level 5.6 Ice Magic
 + Level 1.5 Air Magic
 + Level 1.5 Earth Magic
 + Level 1.5 Poison Magic
 + Level 2.1 Invocations
 + Level 2.0 Evocations


You had 14 spell levels left.
You knew the following spells:

 Your Spells              Type           Power        Failure   Level  Hunger
a - Freeze                Ice            ####..       1%          1    None

Your spell library contained the following spells:

 Spells                   Type           Power        Failure   Level  Hunger
 Throw Frost              Conj/Ice       ###...       1%          2    None
 Ozocubu's Armour         Chrm/Ice       ###.....     9%          3    ##.....
 Throw Icicle             Conj/Ice       ###.....     22%         4    ####...
 Ice Form                 Ice/Tmut       ###.....     28%         4    ####...
 Summon Ice Beast         Ice/Summ       ###.....     28%         4    ####...


Dungeon Overview and Level Annotations

Branches:
Dungeon (5/12)
 Temple: D:4-7

Altars:
Yredelemnul

Annotations:
D:4 Eustachio


Innate Abilities, Weirdness & Mutations

Your experience applies equally to all skills.
You have very sharp teeth.
Your uncanny sense of smell can sniff out nearby items.


Message History

The crimson imp hits you but does no damage.
The crimson imp breathes fire at you. You resist. The flame tongue hits you.
You sock the crimson imp!
The crimson imp is heavily wounded.
The bat hits you but does no damage. The river rat bites you.
The crimson imp hits you but does no damage.
You miss the crimson imp.
The crimson imp is heavily wounded.
The crimson imp disappears in a puff of smoke!
The river rat barely misses you.
Eustachio says, "My allies will avenge me."
Eustachio casts a spell.
You hit Eustachio. You bite Eustachio, but do no damage.
Eustachio is lightly wounded.
The river rat bites you.
* * * LOW HITPOINT WARNING * * *
Eustachio mumbles some strange words.
The white imp gestures at you.
You feel a terrible chill! The puff of frost hits you!
You die...

#..######## #...............
#..# #..#########.### #..#
#..# #.# #..# #..# #.# #..#
#... ..# #..#
##5############## #..###
#b.5.............
#....#######@5..#...#######.
##.[.)....5@r##.#...###
#.#.##########.5...>.# #.#.#
#..r....# #.#.## #.r.....#
###..#.## #.#...######
#...###.########....[.....#
#..## ##.............#.##.#
#.#.###.###########..#.#
#.##.#...# #..# #


You could see Eustachio, an iron imp, a quasit, a river rat, a white imp, a
shadow imp and a bat.

Vanquished Creatures
  An ogre (D:4)
  A crimson imp (D:4)
  A hound (D:4)
  Jessica (D:2)
  A worker ant (D:4)
  A hound zombie (D:3)
  A hound skeleton (D:3)
  A gnoll (D:1)
  A howler monkey skeleton (D:4)
  5 worms
  2 dart slugs
  2 leopard geckos (D:2)
  4 orcs
  3 giant cockroaches
  7 goblins
  10 hobgoblins
  2 jackals (D:1)
  3 ball pythons
  8 bats
  5 frilled lizards
  8 kobolds
  A quokka zombie (D:3)
  5 rats
  A spectral orc (D:2)
75 creatures vanquished.

Notes
Turn   | Place    | Note
-------+----------+-------------------------------------------
     0 | D:1      | Yshiel the Gnoll Ice Elementalist began the quest for the
                  | Orb.
     0 | D:1      | Reached XP level 1. HP: 13/13 MP: 6/6
    97 | D:1      | Reached XP level 2. HP: 17/19 MP: 7/7
   520 | D:1      | Reached XP level 3. HP: 4/25 MP: 5/9
   598 | D:1      | Reached skill level 5 in Spellcasting
  1039 | D:2      | Reached skill level 1 in Invocations
  1173 | D:2      | Reached skill level 1 in Fighting
  1173 | D:2      | Reached skill level 1 in Short Blades
  1173 | D:2      | Reached skill level 1 in Long Blades
  1173 | D:2      | Reached skill level 1 in Axes
  1173 | D:2      | Reached skill level 1 in Maces & Flails
  1173 | D:2      | Reached skill level 1 in Polearms
  1173 | D:2      | Reached skill level 1 in Staves
  1173 | D:2      | Reached skill level 1 in Slings
  1173 | D:2      | Reached skill level 1 in Bows
  1173 | D:2      | Reached skill level 1 in Crossbows
  1173 | D:2      | Reached skill level 1 in Throwing
  1173 | D:2      | Reached skill level 1 in Armour
  1173 | D:2      | Reached skill level 1 in Shields
  1173 | D:2      | Reached skill level 1 in Unarmed Combat
  1173 | D:2      | Reached skill level 1 in Evocations
  1264 | D:2      | Reached XP level 4. HP: 7/32 MP: 8/11
  1796 | D:2      | Noticed Jessica
  1813 | D:2      | Killed Jessica
  1814 | D:2      | Reached skill level 1 in Hexes
  1814 | D:2      | Reached skill level 1 in Charms
  1814 | D:2      | Reached skill level 1 in Summonings
  1814 | D:2      | Reached skill level 1 in Necromancy
  1814 | D:2      | Reached skill level 1 in Translocations
  1814 | D:2      | Reached skill level 1 in Transmutations
  1814 | D:2      | Reached skill level 1 in Fire Magic
  1814 | D:2      | Reached skill level 1 in Air Magic
  1814 | D:2      | Reached skill level 1 in Earth Magic
  1814 | D:2      | Reached skill level 1 in Poison Magic
  2219 | D:2      | Found a basalt altar of Yredelemnul.
  2349 | D:3      | Reached XP level 5. HP: 33/37 MP: 12/12
  2513 | D:3      | Got a scintillating lead amulet
  2514 | D:3      | Identified the amulet "Befor" {Inacc rF+ rC- SInv} (You
                  | found it on level 3 of the Dungeon)
  3013 | D:4      | Reached XP level 6. HP: 44/44 MP: 13/13
  3082 | D:4      | Reached skill level 5 in Dodging
  3082 | D:4      | Reached skill level 5 in Stealth
  3166 | D:5      | Entered Level 5 of the Dungeon
  3172 | D:4      | Noticed Eustachio
  3225 | D:4      | Killed from afar by a white imp

Skill      XL: |  1  2  3  4  5  6 |
---------------+-------------------+-----
Conjurations   | 2 |  2.6
Spellcasting   | 5 |  5.3
Invocations    | 1 2 |  2.1
Fighting       | 1 2 |  2.0
Short Blades   | 1 2 |  2.0
Long Blades    | 1 2 |  2.0
Axes           | 1 2 |  2.0
Maces & Flails | 1 2 |  2.0
Polearms       | 1 2 |  2.0
Staves         | 1 2 |  2.0
Slings         | 1 2 |  2.0
Bows           | 1 2 |  2.0
Crossbows      | 1 2 |  2.0
Throwing       | 1 2 |  2.0
Armour         | 1 2 |  2.0
Shields        | 1 2 |  2.0
Unarmed Combat | 1 2 |  2.0
Evocations     | 1 2 |  2.0
Hexes          | 1 |  1.5
Charms         | 1 |  1.5
Summonings     | 1 |  1.5
Necromancy     | 1 |  1.5
Translocations | 1 |  1.5
Transmutations | 1 |  1.5
Fire Magic     | 1 |  1.5
Air Magic      | 1 |  1.5
Earth Magic    | 1 |  1.5
Poison Magic   | 1 |  1.5
Dodging        | 5 |  5.0
Stealth        | 5 |  5.0
Ice Magic      | |  5.6

Action                   |  1- 3 |  4- 6 || total
-------------------------+-------+-------++-------
Melee: Unarmed           |     6 |       ||     6
       Club              |    79 |   151 ||   230
       Bite              |    13 |    16 ||    29
 Cast: Freeze            |    43 |    18 ||    61
  Use: Scroll            |       |     2 ||     2
 Stab: Sleeping          |     6 |     4 ||    10
  Eat: Chunk             |     3 |    12 ||    15
Armor: Robe              |    15 |    61 ||    76
Dodge: Dodged            |   108 |   187 ||   295
